 Dungeon Crawl Stone Soup version 0.22-a0-422-g9628fc87f1 (webtiles) character file.

222 D1HalberdGnoll the Skirmisher (level 6, -9/39 HPs)
             Began as a Kobold Berserker on May 16, 2018.
             Was a Believer of Trog.
             Killed by nerve-wracking pain
             ... invoked by Jessica
              (10 damage)
             ... on level 2 of the Dungeon.
             The game lasted 00:02:52 (2008 turns).

D1HalberdGnoll the Skirmisher (Kobold Berserker)    Turns: 2008, Time: 00:02:52

Health: -9/39      AC:  8    Str: 16    XL:     6   Next: 19%
Magic:  6/6        EV:  9    Int:  9    God:    Trog [**....]
Gold:   114        SH:  4    Dex: 14    Spells: 5/5 levels left

rFire    . . .     SeeInvis +   m - +0 flail
rCold    . . .     Gourm    .   i - +0 buckler
rNeg     . . .     Faith    .   k - +0 chain mail
rPois    .         Spirit   .   (no helmet)
rElec    .         Reflect  .   (no cloak)
rCorr    .         Harm     .   (no gloves)
MR       .....                  (no boots)
Stlth    ..........             (no amulet)
HPRegen  0.13/turn              h - ring of see invisible
MPRegen  0.10/turn              (no ring)

@: lethally poisoned (-9 -> -12)
A: small, carnivore
a: Berserk, Trog's Hand, Renounce Religion


You were on level 2 of the Dungeon.
You worshipped Trog.
Trog was pleased with you.
You were very full.

You visited 1 branch of the dungeon, and saw 2 of its levels.

You collected 114 gold pieces.

Inventory:

Hand Weapons
 d - a +0 whip
 m - a +0 flail (weapon)
Armour
 i - a +0 buckler (worn)
 k - a +0 chain mail (worn)
Jewellery
 h - a ring of see invisible (left hand)
Scrolls
 a - 2 scrolls of remove curse {unknown}
 b - a scroll of enchant weapon {unknown}
 e - a scroll of immolation {unknown}
 f - a scroll of enchant armour {unknown}
 g - a scroll of identify {unknown}
 o - a scroll of teleportation {unknown}
Potions
 j - a potion of brilliance {unknown}
 l - 2 potions of heal wounds {unknown}
Comestibles
 c - 3 rations
 n - 2 chunks of flesh


   Skills:
 + Level 4.3 Fighting
 * Level 4.2 Maces & Flails
 + Level 2.5 Armour
 - Level 3.6 Dodging
 + Level 0.3 Shields


You had 5 spell levels left.
You didn't know any spells.
Your spell library was empty.

Dungeon Overview and Level Annotations

Branches:
Dungeon (2/15)

Altars:
Xom

Annotations:
D:2 Jessica


Innate Abilities, Weirdness & Mutations

You are small and have problems with some larger weapons.
You are carnivorous and can eat meat at any time.


Message History

The hobgoblin hits you but does no damage.
The hobgoblin hits you.
You sock the hobgoblin!
You kill the hobgoblin!
Trog accepts your kill.
Your skin stops crawling.
You feel less resistant to hostile enchantments.
You feel sick.
Things that are here:
a dagger; 17 stones; a hobgoblin corpse Jessica hits you but does no damage.
You closely miss Jessica.
You feel sick. Jessica barely misses you. Jessica hits you but does no damage.
Your chain mail prevents you from hitting Jessica.
Jessica casts a spell at you. Pain shoots through your body!
* * * LOW HITPOINT WARNING * * *
Jessica points at you and mumbles some strange words.
Pain shoots through your body!
You die...

#. ### . .. # .
.. .. # #.###.#
... .#.#.#.w.#
.#.. .........
.....
#.......###....#.
#[)@@.....#
###(###.#.... #
#<.(....# . #
####.###### ..
#.##... ..
#.##.## ..##
#.#...# #.#.
#.'...###### #.#.
###........# #.#.


You could see Jessica.

Vanquished Creatures
  Sigmund (D:2)
  Terence (D:2)
  An adder (D:2)
  2 dart slugs (D:1)
  3 leopard geckos
  A giant cockroach (D:1)
  4 goblins (D:1)
  6 hobgoblins
  6 kobolds
  6 bats
  A frilled lizard (D:2)
  3 rats (D:1)
35 creatures vanquished.

Notes
Turn   | Place    | Note
-------+----------+-------------------------------------------
     0 | D:1      | D1HalberdGnoll the Kobold Berserker began the quest for the Orb.
     0 | D:1      | Reached XP level 1. HP: 14/14 MP: 1/1
    24 | D:1      | Reached XP level 2. HP: 19/19 MP: 2/2
   649 | D:1      | Reached XP level 3. HP: 23/23 MP: 3/3
  1413 | D:2      | Found a shimmering altar of Xom.
  1422 | D:2      | Found a shimmering altar of Xom.
  1437 | D:2      | Found a shimmering altar of Xom.
  1450 | D:2      | Noticed Sigmund
  1473 | D:2      | Killed Sigmund
  1473 | D:2      | Reached XP level 4. HP: 8/29 MP: 4/4
  1473 | D:2      | Reached XP level 5. HP: 9/33 MP: 5/5
  1585 | D:2      | Reached ** piety under Trog
  1943 | D:2      | Noticed Terence
  1950 | D:2      | Killed Terence
  1950 | D:2      | Reached XP level 6. HP: 38/38 MP: 6/6
  1993 | D:2      | Noticed Jessica
  2008 | D:2      | HP: 1/39 [Jessica/nerve-wracking pain (13)]
  2008 | D:2      | Killed from afar by Jessica

Vault maps used:
D:1:      sevenhm_arrival_forest_fort_large_4
D:2:      xom_redecorated, uniq_sigmund, uniq_jessica, uniq_terence

Skill      XL: |  1  2  3 |
---------------+----------+-----
Maces & Flails | 3 4 |  4.2
Fighting       | 4 |  4.3
Armour         | 2 |  2.5
Dodging        | 3 |  3.6
Shields        | |  0.3

Action                   |  1- 3 |  4- 6 || total
-------------------------+-------+-------++-------
Melee: Mace              |    31 |       ||    31
       Whip              |    63 |    43 ||   106
       Flail             |       |    13 ||    13
Invok: Berserk           |     5 |     1 ||     6
       Trog's Hand       |       |     1 ||     1
  Eat: Chunk             |    11 |     6 ||    17
Armor: Animal skin       |    17 |       ||    17
       Ring mail         |     8 |     2 ||    10
       Chain mail        |       |    27 ||    27
Dodge: Dodged            |    72 |    36 ||   108
Block: Buckler           |       |    10 ||    10

Table legend:
 A = Spawn XP
 B = Non-spawn XP
 C = Spawn XP percentage of total XP
 D = Spawn monster count
 E = Non-spawn monster count
 F = Spawn count percentage of total count
 G = Total turns spent on level
                    A         B        C        D         E        F      G
               +---------+---------+-------+---------+---------+-------+---------
         Total |       0 |     318 |   0.0 |       0 |      35 |   0.0 |  2008
               +---------+---------+-------+---------+---------+-------+---------
           D:1 |       0 |      46 |   0.0 |       0 |      24 |   0.0 |  1393
           D:2 |       0 |     272 |   0.0 |       0 |      11 |   0.0 |   615
               +---------+---------+-------+---------+---------+-------+---------
